 Dungeon Crawl Stone Soup version 0.27-b1-16-g6517624069 (webtiles) character file.

Game seed: 1579606395125275337

707 pikapanic the Cleaver (level 7, -2/56 (57) HPs)
             Began as a Hill Orc Fighter on July 26, 2021.
             Was an Initiate of Beogh.
             Killed by divine providence
             ... invoked by an orc priest
              (13 damage)
             ... on level 5 of the Dungeon.
             The game lasted 00:12:52 (3121 turns).

pikapanic the Cleaver (Hill Orc Fighter)            Turns: 3121, Time: 00:12:55

HP:   -2/56 (57)    AC: 12    Str: 21    XL:     7   Next: 67%
MP:   7/7           EV:  5    Int:  8    God:    Beogh [......]
Gold: 163           SH:  9    Dex: 10    Spells: 6/6 levels left

rFire    . . .     SeeInvis .   a - +1 war axe
rCold    . . .     Faith    .   c - +0 kite shield
rNeg     + . .     Spirit   .   k - +0 chain mail
rPois    .         Reflect  .   (no helmet)
rElec    .         Harm     .   (no cloak)
rCorr    .         Rampage  .   g - +2 pair of gloves
Will     .....                  (no boots)
Stlth    ..........             j - amulet of regeneration
HPRegen  1.18/turn              f - ring of positive energy
MPRegen  0.10/turn              (no ring)

@: lightly drained
A: no striking features
a: Renounce Religion


You were on level 5 of the Dungeon.
You worshipped Beogh.
Beogh was noncommittal.
You visited 1 branch of the dungeon, and saw 5 of its levels.

You collected 163 gold pieces.

Inventory:

Hand Weapons
 a - a +1 war axe (weapon)
Armour
 b - a +0 scale mail
 c - a +0 kite shield (worn)
 g - a +2 pair of gloves (worn)
 k - a +0 chain mail (worn)
 m - a +0 chain mail
Jewellery
 f - a ring of positive energy (left hand)
 j - an amulet of regeneration (around neck)
Wands
 i - a wand of paralysis (10)
Scrolls
 o - 2 scrolls of teleportation
Potions
 d - a potion of might
 h - 2 potions of curing
 l - a potion of flight {unknown}
 n - a potion of mutation {unknown}


   Skills:
 - Level 3.6 Fighting
 + Level 10.5 Axes
 - Level 3.2 Armour
 + Level 1.0 Dodging
 + Level 0.6 Stealth
 - Level 3.2 Shields
 + Level 1.0 Invocations


You had 6 spell levels left.
You didn't know any spells.
Your spell library contained the following spells:

 Spells                   Type           Power      Damage    Failure   Level
 Summon Lightning Spire   Summ/Air       0%         N/A       100%        4
 Storm Form               Tmut/Air       0%         N/A       100%        7
 Maxwell's Capacitive Co  Air            0%         ∞         100%        8


Dungeon Overview and Level Annotations

Branches:
Dungeon (5/15)
 Temple: D:4-7

Altars:
Dithmenos
Elyvilon
Trog
Yredelemnul

Shops:
D:2 ?


Message History

Something writhes in agony.
You barely miss the orc. You hit something but do no damage.
Something hits you. The orc barely misses you.
You block the orc priest's attack.
You hear some strange, mumbled words.
A magic dart appears from out of thin air!
The magic dart hits you.
You closely miss something.
Your shield prevents you from hitting the orc.
You block the orc's attack.
The orc priest hits you but does no damage.
Something hits you but does no damage. The orc hits you but does no damage.
The orc priest completely misses you.
You miss something. You hit the orc. Something hits you but does no damage.
You block the orc's attack.
The orc priest hits you but does no damage.
You hit something. You slash the orc!
You kill the orc!
Beogh accepts your kill. Something hits you but does no damage.
The orc priest invokes the aid of Beogh against you.
Beogh smites you!
You barely miss something. Something hits you but does no damage.
The orc priest invokes the aid of Beogh against you.
Beogh smites you!
* * * LOW HITPOINT WARNING * * *
You barely miss something. Something hits you.
* * * LOW HITPOINT WARNING * * *
The orc priest barely misses you. You block something's attack.
You miss something.
The orc priest hits you but does no damage.
Something hits you but does no damage.
You slash something! Beogh accepts your kill.
Reactivating autopickup.
You feel a bit more experienced.
The orc priest invokes the aid of Beogh against you.
Beogh smites you!
You die...
Beogh appreciates the orc priest's killing of a heretic priest.

##########
#........#
#......@.#
#.....)).####
##.....o.....#
.............+
.......))....#
.............#
...#+#...<...#
... #.##....#
.. o..
.........


You could see an orc priest.

Vanquished Creatures
  Sigmund (D:3)
  A black bear (D:3)
  A bullfrog (D:3)
  A water moccasin skeleton (D:4)
  3 wights (D:4)
  A jelly (D:4)
  Jessica (D:2)
  Natasha (D:3)
  2 orc wizards (D:5)
  Robin (D:3)
  An adder (D:2)
  An ufetubus (D:5)
  2 worms
  A dart slug (D:2)
  4 orcs
  5 bats
  3 endoplasms
  9 goblins
  9 hobgoblins
  3 kobolds
  3 quokkas
  A ball python (D:2)
  4 frilled lizards
  A rat (D:2)
60 creatures vanquished.

Vanquished Creatures (others)
  A wight (D:4)
  An orc wizard (D:4)
  An orc (D:4)
3 creatures vanquished.

Grand Total: 63 creatures vanquished

Notes
Turn   | Place    | Note
-------+----------+-------------------------------------------
     0 | D:1      | pikapanic the Hill Orc Fighter began the quest for the Orb.
     0 | D:1      | Reached XP level 1. HP: 19/19 MP: 1/1
    98 | D:1      | Reached skill level 3 in Axes
   601 | D:2      | Found Biar's Magic Scroll Emporium.
   606 | D:2      | Reached XP level 2. HP: 24/26 MP: 2/2
   736 | D:2      | Reached skill level 4 in Axes
   875 | D:2      | Reached XP level 3. HP: 31/31 MP: 3/3
   885 | D:2      | Noticed Jessica
   893 | D:2      | Killed Jessica
   894 | D:2      | Reached skill level 5 in Axes
  1000 | D:2      | Reached XP level 4. HP: 39/39 MP: 4/4
  1051 | D:2      | Found a faded altar of an unknown god.
  1070 | D:2      | Became a worshipper of Yredelemnul the Dark
  1070 | D:2      | Reached * piety under Yredelemnul
  1302 | D:3      | Noticed Sigmund
  1314 | D:3      | Noticed a bullfrog
  1316 | D:3      | Killed Sigmund
  1317 | D:3      | Reached skill level 7 in Axes
  1317 | D:3      | Reached XP level 5. HP: 30/45 MP: 5/5
  1317 | D:3      | Reached XP level 6. HP: 34/51 MP: 6/6
  1327 | D:3      | Reached skill level 8 in Axes
  1385 | D:3      | Noticed a black bear
  1419 | D:3      | Killed a black bear
  1423 | D:3      | Reached skill level 9 in Axes
  1515 | D:3      | Found a white marble altar of Elyvilon.
  1536 | D:3      | Noticed Robin
  1573 | D:3      | Killed Robin
  1763 | D:3      | Found a bloodstained altar of Trog.
  2023 | D:3      | Noticed Natasha
  2030 | D:3      | Killed Natasha
  2031 | D:3      | Reached XP level 7. HP: 56/57 MP: 7/7
  2299 | D:4      | Reached skill level 1 in Invocations
  2576 | D:4      | Fell from the grace of Yredelemnul
  2576 | D:4      | Became a worshipper of Beogh the Brigand
  2628 | D:4      | Reached skill level 10 in Axes
  2721 | D:4      | Found a shadowy altar of Dithmenos.
  2845 | D:4      | Reached skill level 1 in Dodging
  3095 | D:5      | Entered Level 5 of the Dungeon
  3121 | D:5      | Killed from afar by an orc priest

Illustrated notes

Levels and vault maps discovered:
D:1:      eino_arrival_cavern_d, layout_rooms, minmay_misc_feat_x
D:2:      layout_rooms, basic_ecumenical_altar, serial_shops, shop,
          wander_ebering_terrifying_dragon_lair, uniq_jessica
D:3:      layout_loops_ring, lemuel_coloured_pillars_altar, elyvilon_altar_3,
          grunt_decor_junction, uniq_robin, uniq_natasha, uniq_sigmund
D:4:      layout_gridville, mainiacjoe_overflow_cross_hatched
D:5:      layout_basic, makhleb_blood_cavern_becter,
          minmay_temple_entry_glassed_door

Skill      XL: |  1  2  3  4  5  6  7 |
---------------+----------------------+-----
Axes           | 3 4 5 7 9 10 | 10.5
Invocations    | 1 |  1.0
Dodging        | 1 |  1.0
Fighting       | |  3.6
Armour         | |  3.2
Stealth        | |  0.6
Shields        | |  3.2

Action                   |  1- 3 |  4- 6 |  7- 9 || total
-------------------------+-------+-------+-------++-------
Melee: War axe           |    60 |    64 |    65 ||   189
Invok: Animate Remains   |       |     1 |       ||     1
       Convert to Beogh  |       |       |     1 ||     1
  Use: Scroll            |     7 |       |     2 ||     9
       Potion            |     1 |       |     2 ||     3
Armor: Scale mail        |     4 |       |       ||     4
       Chain mail        |    34 |    39 |    53 ||   126
Dodge: Dodged            |     6 |    11 |    26 ||    43
Block: Kite shield       |    38 |    32 |    37 ||   107
